 Dungeon Crawl Stone Soup version 0.31.0-11-ge490571c62 (webtiles) character file.

Game seed: 15092206806058154397

6800 Flugkiller the Brawler (level 10, -9/141 HPs)
             Began as a Troll Fighter on Jan 30, 2024.
             Mangled by a nine-headed hydra (13 damage)
             ... on level 1 of the Lair of Beasts.
             The game lasted 00:11:34 (2934 turns).

Flugkiller the Brawler (Troll Fighter)              Turns: 2934, Time: 00:11:35

Health: -9/141     AC: 11    Str: 30    XL:     10   Next: 76%
Magic:  9/9        EV:  9    Int:  4    God:
Gold:   13         SH:  8    Dex:  9    Spells: 9/9 levels left

rFire   . .          .
                       - Unarmed
rCold   + . .        b - +0 kite shield
rNeg    . . .        B - +2 robe {rC+}
rPois   .            (helmet restricted)
rElec   .            f - +0 cloak
rCorr   .            (gloves unavailable)
SInv    .            (boots unavailable)
Will    .....        x - amulet of regeneration Stlth
                     p - +4 ring of protection
HPRegen 2.03/turn    (no ring)
MPRegen 0.11/turn

%: no passive effects
@: berserking, very quick
A: large, unfitting armour, claws 3, regeneration 1, shaggy fur 1, tough skin 1
a: no special abilities


You were on level 1 of the Lair of Beasts.
You visited 3 branches of the dungeon, and saw 11 of its levels.
You also visited: Sewer.

You collected 13 gold pieces.

Inventory:

Missiles
 i - a throwing net
 o - 16 poisoned darts (quivered)
 y - 4 boomerangs
Armour
 b - a +0 kite shield (worn)
 f - a +0 cloak (worn)
   (You found it on level 2 of the Dungeon)
 l - a scarf of shadows
   (You found it on level 3 of the Dungeon)
 B - a +2 robe of cold resistance (worn)
   (You took it off Pikel on level 8 of the Dungeon)
Jewellery
 p - a +4 ring of protection (left claw)
   (You found it on level 2 of the Dungeon)
 u - a ring of fire
   (You found it on level 5 of the Dungeon)
 x - an amulet of regeneration (around neck)
   (You found it on level 5 of the Dungeon)
Talismans
 v - a flux talisman
   (You found it on level 5 of the Dungeon)
Wands
 c - a wand of flame (22)
   (You found it in a sewer)
 e - a wand of charming (14)
   (You found it on level 6 of the Dungeon)
Scrolls
 g - a scroll of poison
 h - 2 scrolls of fog
 j - 2 scrolls of fear
 n - a scroll of noise
 t - a scroll of teleportation
 z - a scroll of blinking
 A - a scroll of silence
 C - a scroll of immolation
Potions
 a - a potion of mutation
 d - 2 potions of might
 k - 2 potions of berserk rage
 m - a potion of haste {unknown}
 q - 3 potions of curing
 r - 2 potions of lignification {unknown}
 s - a potion of degeneration {unknown}
 w - a potion of heal wounds


   Skills:
 + Level 4.8 Fighting
 - Level 2.4 Dodging
 - Level 5.0 Shields
 - Level 15.0 Unarmed Combat


You had 9 spell levels left.
You didn't know any spells.
Your spell library was empty.

Dungeon Overview and Level Annotations

Branches:
Dungeon (9/15) Zot: 26895  Temple (1/1) D:6 Zot: 5998    Lair (1/5) D:8 Zot: 5792
  Sewer (visited)
    Orc: D:9-12

Altars:
Ashenzari
Cheibriados
Dithmenos
Elyvilon
Fedhas
Kikubaaqudgha
Nemelex Xobeh
Qazlal
Ru
Trog
Wu Jian
Xom
The Shining One


Innate Abilities, Weirdness & Mutations

You are too large for most types of armour.
You have claws for hands.
Your natural rate of healing is unusually fast.
You are covered in fur. (AC +1)
You have tough skin. (AC +1)


Message History

The cane toad stings you!
You are poisoned.
The cane toad poisons you!
You scratch the cane toad but do no damage.
The cane toad is almost dead.
You feel very sick. You block the cane toad's attack.
You claw the cane toad!
You kill the cane toad!
You feel very sick.
You mangle the yak!!
The yak is severely wounded.
You feel sick. You block the yak's attack.
You barely miss the yak.
The yak is severely wounded.
You feel very sick.
You mangle the yak!!
The yak is almost dead.
You feel sick.
You claw the yak!
You kill the yak!
You feel sick.
Training target 5.0 for Shields reached!
Your Shields skill increases to level 5!
You mangle the yak!!
You kill the yak!
You feel sick.
You barely miss the yak.
You feel sick.
You claw one of the four-headed hydra's heads off!
The three-headed hydra grows two more!
You mangle the five-headed hydra!!
The five-headed hydra is moderately wounded.
You feel sick.
You claw one of the five-headed hydra's heads off!
The four-headed hydra grows two more!
You mangle the six-headed hydra!!
The six-headed hydra is heavily wounded.
You feel sick.
The six-headed hydra bites you but does no damage.
The six-headed hydra bites you. x2; The six-headed hydra bites you!
You block the six-headed hydra's attack.
The six-headed hydra bites you but does no damage.
You are too injured to fight recklessly!
You are too injured to fight recklessly!
You claw one of the six-headed hydra's heads off!
The five-headed hydra grows two more!
You scratch the seven-headed hydra.
The seven-headed hydra is moderately wounded.
The seven-headed hydra bites you but does no damage.
The seven-headed hydra bites you. x2
You block the seven-headed hydra's attack. x2
The seven-headed hydra bites you!
* * * LOW HITPOINT WARNING * * *
The seven-headed hydra bites you but does no damage.
You barely miss the seven-headed hydra.
The seven-headed hydra is moderately wounded.
You feel sick.
The seven-headed hydra barely misses you.
The seven-headed hydra bites you!
* * * LOW HITPOINT WARNING * * *
The seven-headed hydra bites you but does no damage.
The seven-headed hydra completely misses you.
The seven-headed hydra closely misses you.
The seven-headed hydra bites you but does no damage.
You block the seven-headed hydra's attack.
Unknown command.
A red film seems to cover your vision as you go berserk!
You feel yourself moving faster!
You feel mighty!
You feel sick.
You block the seven-headed hydra's attack.
The seven-headed hydra bites you.
* * * LOW HITPOINT WARNING * * *
You block the seven-headed hydra's attack.
The seven-headed hydra bites you but does no damage.
The seven-headed hydra bites you.
* * * LOW HITPOINT WARNING * * *
The seven-headed hydra bites you.
* * * LOW HITPOINT WARNING * * *
The seven-headed hydra barely misses you.
You tear one of the seven-headed hydra's heads off!
The six-headed hydra grows two more!
You scratch the eight-headed hydra.
The eight-headed hydra is lightly wounded.
You feel sick.
You are no longer poisoned.
You tear one of the eight-headed hydra's heads off!
The seven-headed hydra grows two more!
You scratch the nine-headed hydra.
The nine-headed hydra is lightly wounded.
You block the nine-headed hydra's attack.
The nine-headed hydra bites you!
* * * LOW HITPOINT WARNING * * *
You block the nine-headed hydra's attack.
The nine-headed hydra bites you but does no damage.
The nine-headed hydra bites you.
* * * LOW HITPOINT WARNING * * *
The nine-headed hydra closely misses you.
The nine-headed hydra bites you but does no damage.
You block the nine-headed hydra's attack.
The nine-headed hydra barely misses you.
You barely miss the nine-headed hydra.
The nine-headed hydra is lightly wounded.
You block the nine-headed hydra's attack.
The nine-headed hydra bites you but does no damage.
The nine-headed hydra bites you!
You die...

#........ ##. ..........
#..# ##......... #..#
#.......... #... #..........
#..# #..........
##..#########..........
###...Y##.#.##...........
.Y.#....YYD@................
Y.Y......Y##########........
.........## ####.$...
........## ###### .......#.
# .#....# # # .....# # ...##
# ... #


You could see a nine-headed hydra and 4 yaks.

Vanquished Creatures
  Pikel (D:8)
  6 elephants (Lair:1)
  2 black mambas (Lair:1)
  A cane toad (Lair:1)
  A komodo dragon (D:8)
  Sigmund (D:2)
  A wraith (D:6)
  3 wyverns
  2 yaks (Lair:1)
  A steam dragon (D:7)
  2 black bears
  2 ice beasts (D:7)
  A sky beast (D:6)
  An ogre (D:4)
  A crocodile (Sewer)
  A centaur (D:8)
  2 phantoms
  A kobold brigand (D:3)
  4 scorpions
  A brain worm (Sewer)
  A bullfrog (Lair:1)
  3 killer bees (D:8)
  A howler monkey (D:4)
  4 hounds
  2 gnoll boudas
  An orc priest (D:6)
  Jessica (D:2)
  6 orc wizards
  9 gnolls
  7 adders
  A shadow imp (D:7)
  A white imp (D:6)
  3 ribbon worms
  2 dart slugs
  14 orcs
  4 endoplasms
  3 giant cockroaches
  A goblin (D:3)
  8 hobgoblins
  3 jackals
  12 kobolds
  2 quokkas
  8 ball pythons
  12 bats
  A frilled lizard (D:3)
  3 rats (D:3)
  A butterfly (D:7)
149 creatures vanquished.

Notes
Turn   | Place    | Note
-------+----------+-------------------------------------------
     0 | D:1      | Flugkiller the Troll Fighter began the quest for the Orb.
     0 | D:1      | Reached XP level 1. HP: 22/22 MP: 0/0
    63 | D:2      | Reached XP level 2. HP: 29/29 MP: 1/1
   106 | D:2      | Noticed Jessica
   118 | D:2      | Killed Jessica
   119 | D:2      | Reached skill level 3 in Unarmed Combat
   119 | D:2      | Reached XP level 3. HP: 22/36 MP: 2/2
   217 | D:2      | Noticed Sigmund
   245 | D:2      | Killed Sigmund
   246 | D:2      | Reached skill level 5 in Unarmed Combat
   246 | D:2      | Reached XP level 4. HP: 41/44 MP: 0/3
   246 | D:2      | Reached XP level 5. HP: 46/50 MP: 0/4
   396 | D:2      | Reached skill level 6 in Unarmed Combat
   594 | D:3      | Found a glowing golden altar of the Shining One.
   643 | D:3      | Reached XP level 6. HP: 59/59 MP: 5/5
   860 | D:3      | Reached skill level 7 in Unarmed Combat
   875 | D:3      | You fall into a shaft and drop 1 floor!
   972 | D:4      | Reached skill level 8 in Unarmed Combat
   972 | D:4      | Reached XP level 7. HP: 66/66 MP: 6/6
  1271 | D:5      | Entered Level 5 of the Dungeon
  1271 | D:5      | Found a glowing drain.
  1292 | Sewer    | Entered a sewer
  1319 | Sewer    | Reached skill level 9 in Unarmed Combat
  1528 | D:6      | Reached XP level 8. HP: 74/74 MP: 7/7
  1847 | D:5      | You fall into a shaft and drop 1 floor!
  1880 | D:6      | Reached skill level 10 in Unarmed Combat
  2034 | D:8      | Noticed Pikel
  2048 | D:8      | Killed Pikel
  2049 | D:8      | Reached skill level 11 in Unarmed Combat
  2102 | D:7      | Found a shimmering altar of Xom.
  2173 | D:7      | Reached skill level 12 in Unarmed Combat
  2173 | D:7      | Reached XP level 9. HP: 79/80 MP: 8/8
  2408 | D:6      | Found a staircase to the Ecumenical Temple.
  2416 | Temple   | Entered the Ecumenical Temple
  2462 | D:6      | Reached skill level 13 in Unarmed Combat
  2481 | D:6      | Noticed a moth of wrath
  2484 | D:6      | Found a bloodstained altar of Trog.
  2668 | D:8      | Found a staircase to the Lair.
  2668 | D:8      | Noticed a komodo dragon
  2679 | D:8      | Killed a komodo dragon
  2714 | Lair:1   | Entered Level 1 of the Lair of Beasts
  2725 | Lair:1   | Reached skill level 14 in Unarmed Combat
  2795 | Lair:1   | Noticed an elephant
  2795 | Lair:1   | Noticed a black mamba
  2795 | Lair:1   | Noticed an elephant
  2795 | Lair:1   | Noticed an elephant
  2795 | Lair:1   | Noticed an elephant
  2795 | Lair:1   | Noticed an elephant
  2796 | Lair:1   | Noticed an elephant
  2802 | Lair:1   | Killed a black mamba
  2803 | Lair:1   | Reached XP level 10. HP: 88/88 MP: 9/9
  2808 | Lair:1   | Killed an elephant
  2817 | Lair:1   | Killed an elephant
  2820 | Lair:1   | Killed an elephant
  2821 | Lair:1   | Reached skill level 15 in Unarmed Combat
  2829 | Lair:1   | Killed an elephant
  2838 | Lair:1   | Killed an elephant
  2846 | Lair:1   | Killed an elephant
  2900 | Lair:1   | Noticed a cane toad
  2901 | Lair:1   | Noticed a black mamba
  2911 | Lair:1   | Killed a black mamba
  2917 | Lair:1   | Noticed a four-headed hydra
  2920 | Lair:1   | Killed a cane toad
  2925 | Lair:1   | Reached skill level 5 in Shields
  2933 | Lair:1   | HP: 5/141 [nine-headed hydra (9)]
  2934 | Lair:1   | Mangled by a nine-headed hydra

Illustrated notes

Levels and vault maps discovered:
D:1:      co_arrival_square_in_a_square_in_a_square, layout_loops_cross
D:2:      layout_loops_ring, grunt_decor_junction, dk_noncrumbling_2,
          moated_statue, uniq_jessica, uniq_sigmund
D:3:      cheibrodos_thug_alley, layout_basic,
          mainiacjoe_overflow_small_starburst, serial_shops,
          nicolae_shop_drivethru, minmay_randomly_rotated_circles
D:4:      minmay_diamond_boxcup, layout_loops_ring
D:5:      layout_gridville, vehumet_crystals, cheibrodos_sewer_entry_sluice,
          serial_rivers, chequers_serial_rivers_room_a,
          chequers_serial_rivers_small_3, chequers_serial_rivers_micro_c,
          chequers_serial_rivers_micro_d, chequers_serial_rivers_small_b,
          minivault_19, chequers_decorated_corner
D:6:      nicolae_BIG_FREAKIN_CUBE, layout_loops_ring, tgw_trog
D:7:      layout_basic, xom_butterflies
D:8:      layout_basic, mainiacjoe_overflow_surrounded_room,
          david_lair_shrubbed, hangedman_minor_gate_pass, uniq_pikel, uniq_grum
D:9:      layout_stronghold, old_standard_altar, dk_yredelemnul_ordeal,
          kennysheep_mini_moat, gammafunk_ghost_nasty_kobolds
Temple:   zaba_magenta_temple
Lair:1:   layout_cave_pods, st_stairs_8

Skill      XL: |  1  2  3  4  5  6  7  8  9 10 |
---------------+-------------------------------+-----
Unarmed Combat | 3 5 6 8 9 12 14 15 | 15.0
Shields        | 5 |  5.0
Fighting       | 4 |  4.8
Dodging        | |  2.4

Action                     |  1- 3 |  4- 6 |  7- 9 | 10-12 || total
---------------------------+-------+-------+-------+-------++-------
  Melee: Unarmed           |    30 |    97 |   236 |    65 ||   428
  Throw: Dart              |       |     3 |       |       ||     3
    Use: Scroll            |       |       |    14 |       ||    14
         Potion            |       |       |       |     3 ||     3
 Armour: Robe              |    14 |    91 |   175 |    70 ||   350
  Dodge: Dodged            |     9 |    55 |    99 |    22 ||   185
  Block: Kite shield       |    12 |    53 |   109 |    25 ||   199
